Devils vs Blues

Created - January 9, 2020 at 19:24

Goals
1 2 3 OT1 SO T
Devils 2 0 1 0 1 4
Blues 1 0 2 0 0 3
Shots
1 2 3 OT1 SO T
Devils 10 6 11 0 5 27
Blues 13 7 16 0 5 36

1st period

1. Devils , Tyler Seguin 12 (Ladislav Smid 8) at 3:18
2. Blues , David Perron 13 (Alex Pietrangelo 30, Sergei Shirokov 9) at 4:56 (PP)
3. Devils , Viktor Arvidsson 15 (Ryan Johansen 21, Johnny Gaudreau 22) at 16:50 (PP)

Penalties :
Nikita Kucherov (NJD) for High sticking (Minor) at 4:19, Carey Price (STL) for Delaying the game (Minor) at 10:48 - Jean-Gabriel Pageau served the penalty, Filip Forsberg (STL) for Interference (Minor) at 16:34

2nd period

No Goal

Penalties :
Filip Forsberg (STL) for Kneeing (Minor) at 3:44, Johnny Gaudreau (NJD) for Cross-checking (Minor) at 7:11, Marian Hossa (NJD) for Roughing (Double Minor) at 13:02, Linus Omark (STL) for Roughing (Minor) at 19:19

3rd period

4. Devils , Johnny Gaudreau 18 (Viktor Arvidsson 10, Ryan Johansen 22) at 11:21 (PP)
5. Blues , Sergei Shirokov 11 (Yann Sauvé 7, Jake Gardiner 15) at 13:22
6. Blues , Nicklas Backstrom 14 (David Perron 20, Jordan Eberle 20) at 16:15

Penalties :
Marian Hossa (NJD) for Hooking (Minor) at 6:14, Shayne Gostisbehere (STL) for Holding (Minor) at 11:16, Ryan Johansen (NJD) for Hooking (Minor) at 16:26

Overtime #1

No Goal

Penalties :
No Penalty

Shootout

Devils, Johnny Gaudreau - Stopped by Carey Price
Blues, David Perron - Stopped by John Gibson
Devils, Nikita Kucherov - Stopped by Carey Price
Blues, Jordan Eberle - Stopped by John Gibson
Devils, Viktor Arvidsson - Stopped by Carey Price
Blues, Nicklas Backstrom - Shot Misses the Net
Devils, Ryan Johansen - Stopped by Carey Price
Blues, Filip Forsberg - Shot Misses the Net
Devils, Tyler Seguin - Goal!
Blues, Linus Omark - Stopped by John Gibson

Penalties :
No Penalty

Goalie Stats

John Gibson (NJD), 33 saves from 36 shots - (0.917), W, 13-13-1, 65:00 minutes
Carey Price (STL), 24 saves from 27 shots - (0.889), OTL, 9-14-4, 65:00 minutes

Players Stats for Devils

Player Name              G  A  P  +/- PIM S  H  SB GA TA FO     MP     PP MP  PK MP  
------------------------------------------------------------------------------------
Anthony Stewart          0  0  0   0  0   0  0  0  0  0  1/1     9:11   0:00   3:01 
Brandon Burlon           0  0  0   1  0   0  1  0  1  0  0/0    12:43   0:00   0:05 
Cody Hodgson             0  0  0  -1  0   2  1  0  0  0  3/9    13:06   0:00   0:20 
Gabriel Landeskog        0  0  0   1  0   0  1  0  2  0  1/1    19:26   2:34   3:00 
Johnny Gaudreau          1  1  2  -1  2   5  0  0  1  1  0/0    20:24   3:44   0:20 
Kellan Lain              0  0  0  -1  0   1  1  1  1  0  0/0    10:56   0:00   0:00 
Ladislav Smid            0  1  1   1  0   2  2  2  0  2  0/0    21:43   1:55   5:28 
Marian Hossa             0  0  0  -1  6   1  1  0  0  0  0/0    12:12   0:00   0:42 
Nikita Kucherov          0  0  0   1  2   2  0  1  2  0  0/1    14:41   2:34   0:00 
Pernell Karl Subban      0  0  0  -1  0   1  2  1  0  0  0/0    17:28   1:55   0:05 
Rostislav Olesz          0  0  0   0  0   2  0  0  0  0  1/1    11:22   0:00   5:00 
Ryan Johansen            0  2  2  -1  2   1  0  1  1  0  13/32  23:49   3:44   4:23 
Shea Weber               0  0  0  -1  0   1  1  0  0  1  0/0    27:55   4:23   5:00 
Tobias Enstrom           0  0  0  -1  0   2  0  2  0  1  0/0    25:58   4:23   5:00 
Travis Hamonic           0  0  0  -1  0   1  0  0  0  0  0/0    24:13   0:00   5:28 
Tyler Bozak              0  0  0   0  0   1  1  0  0  0  0/4     8:54   0:00   2:42 
Tyler Seguin             1  0  1   1  0   3  2  0  1  1  3/12   17:29   2:34   1:38 
Viktor Arvidsson         1  1  2  -1  0   2  1  0  0  0  0/0    17:52   3:44   0:00 

Players Stats for Blues

Player Name              G  A  P  +/- PIM S  H  SB GA TA FO     MP     PP MP  PK MP  
------------------------------------------------------------------------------------
Alex Pietrangelo         0  1  1  -1  0   3  0  0  0  1  0/0    30:47   5:19   3:53 
Cody Ceci                0  0  0   0  0   2  1  1  1  0  0/0    18:04   1:36   3:53 
David Perron             1  1  2   1  0   3  3  0  0  3  0/1    21:22   4:36   0:47 
Dougie Hamilton          0  0  0   0  0   1  1  1  0  0  0/0    14:17   4:32   0:00 
Filip Forsberg           0  0  0   0  4   2  1  0  0  0  0/0    19:33   5:27   0:36 
Jake Gardiner            0  1  1   2  0   3  0  1  1  0  0/0    25:35   6:14   2:25 
Jean-Gabriel Pageau      0  0  0   0  0   0  3  0  1  1  7/12   20:02   4:35   1:16 
Jordan Eberle            0  1  1   1  0   4  4  2  1  1  1/2    24:18   5:27   3:52 
Linus Omark              0  0  0   0  2   4  1  0  0  0  0/0     7:06   0:00   0:00 
Nicklas Backstrom        1  0  1   1  0   5  1  0  0  1  19/27  21:37   5:26   0:33 
Rickard Rakell           0  0  0   0  0   0  3  0  0  0  0/0    10:22   0:30   0:00 
Riley Sheahan            0  0  0   0  0   0  1  0  0  0  8/14   15:27   0:19   3:53 
Sergei Shirokov          1  1  2   0  0   2  2  1  0  0  0/0    16:44   4:36   0:00 
Shayne Gostisbehere      0  0  0  -1  2   1  0  1  1  0  0/0    23:06   3:25   0:00 
Simon Gagné              0  0  0   0  0   2  1  0  0  1  0/0    12:49   0:12   1:39 
Steve Quailer            0  0  0   0  0   1  2  0  0  0  0/0     7:25   0:31   0:00 
Tomas Plekanec           0  0  0   0  0   1  1  0  0  0  4/5     6:54   0:00   0:00 
Yann Sauvé               0  1  1   2  0   2  0  1  1  1  0/0    18:10   0:00   2:25 

3 Stars

1 - David Perron (STL)
2 - Sergei Shirokov (STL)
3 - Tyler Seguin (NJD)

Power Play

Devils - 2 on 5 Attempt(s) - 40.00%
Blues - 1 on 6 Attempt(s) - 16.67%

Penalty Kill

Devils - 5 on 6 Attempt(s) - 83.33% - Score 0 goal in Penalty Kill
Blues - 3 on 5 Attempt(s) - 60.00% - Score 0 goal in Penalty Kill

Team Stat

Devils - Hits : 14 - Faceoff Wins : 22 - Blocked Shots : 8 - Penalty Minutes : 12
Blues - Hits : 25 - Faceoff Wins : 39 - Blocked Shots : 8 - Penalty Minutes : 10

Official

Referees : Unknown
Linesman : Unknown

Game Notes

0:46 of 3rd period - Devils goal is going for a video replay. After video review, No Goal. The attacking player has interfered with a goalkeeper in his goal crease.

Finance

Level 1 -- Attendance: 4454 (74.23%) -- Ticket Income $489,940
Level 2 -- Attendance: 3917 (78.34%) -- Ticket Income $282,024
Level 3 -- Attendance: 1724 (86.20%) -- Ticket Income $77,580
Level 4 -- Attendance: 4000 (100.00%) -- Ticket Income $120,000
Luxury Box -- Attendance: 833 (83.30%) -- Ticket Income $166,600
Game was played at the Scotttrade center.
Total Attendance: 14928 (82.93%)
Total Ticket Income: $1,136,144
Other Income: $170,422
Total Income: $1,306,566

Devils

5 vs 5 Forward 
   Center                   Left Wing                Right Wing               Time % Phy DF OF 
 1 Ryan Johansen            Johnny Gaudreau          Viktor Arvidsson         40     0   2  3  
 2 Tyler Seguin             Gabriel Landeskog        Nikita Kucherov          30     0   2  3  
 3 Cody Hodgson             Kellan Lain              Marian Hossa             20     1   2  2  
 4 Tyler Bozak              Rostislav Olesz          Anthony Stewart          10     1   3  1  

5 vs 5 Defense 
   Defense                  Defense                                           Time % Phy DF OF 
 1 Travis Hamonic           Shea Weber                                        40     1   2  2  
 2 Tobias Enstrom           Pernell Karl Subban                               30     1   2  2  
 3 Brandon Burlon           Ladislav Smid                                     20     1   2  2  
 4 Brandon Burlon           Ladislav Smid                                     10     1   2  2  

PowerPlay Forward 
   Center                   Left Wing                Right Wing               Time % Phy DF OF 
 1 Ryan Johansen            Johnny Gaudreau          Viktor Arvidsson         60     0   0  5  
 2 Tyler Seguin             Gabriel Landeskog        Nikita Kucherov          40     0   0  5  

PowerPlay Defense
   Defense                  Defense                                           Time % Phy DF OF 
 1 Tobias Enstrom           Shea Weber                                        60     1   2  2  
 2 Ladislav Smid            Pernell Karl Subban                               40     1   2  2  

Penalty Kill 4 Players Forward 
   Center                   Wing                     Time % Phy DF OF 
 1 Ryan Johansen            Rostislav Olesz          60     1   2  2  
 2 Tyler Bozak              Marian Hossa             40     1   2  2  

Penalty Kill 4 Players Defense
   Defense                  Defense                  Time % Phy DF OF 
 1 Ladislav Smid            Travis Hamonic           60     1   2  2  
 2 Tobias Enstrom           Shea Weber               40     1   2  2  

Penalty Kill - 3 Players Forward 
   Forward                                           Time % Phy DF OF 
 1 Cody Hodgson                                      60     1   2  2  
 2 Rostislav Olesz                                   40     1   2  2  

Penalty Kill - 3 Players Defense
   Defense                  Defense                  Time % Phy DF OF 
 1 Ladislav Smid            Travis Hamonic           60     1   2  2  
 2 Shea Weber               Pernell Karl Subban      40     1   2  2  

4 vs 4 Forward 
   Center                   Wing                     Time % Phy DF OF 
 1 Cody Hodgson             Johnny Gaudreau          60     1   2  2  
 2 Ryan Johansen            Marian Hossa             40     1   2  2  

4 vs 4 Defense
   Defense                  Defense                  Time % Phy DF OF 
 1 Tobias Enstrom           Shea Weber               60     1   2  2  
 2 Travis Hamonic           Ladislav Smid            40     1   2  2  

Last Minutes Offensive
   Center                   Left Wing                Right Wing               Defense                  Defense                  
   Cody Hodgson             Johnny Gaudreau          Viktor Arvidsson         Pernell Karl Subban      Tobias Enstrom           

Last Minutes Defensive
   Center                   Left Wing                Right Wing               Defense                  Defense                  
   Ryan Johansen            Kellan Lain              Marian Hossa             Pernell Karl Subban      Tobias Enstrom           

Goaltenders
Starting : John Gibson              
Backup : Keith Kinkaid            

Extra Forwards
Normal : Cody Hodgson, Johnny Gaudreau, Gabriel Landeskog - PP : Gabriel Landeskog, Cody Hodgson - PK : Anthony Stewart
Extra Defensemen
Normal : Ladislav Smid, Brandon Burlon, Tobias Enstrom - PP : Ladislav Smid - PK : Brandon Burlon, Tobias Enstrom
Penalty Shots
Johnny Gaudreau, Nikita Kucherov, Viktor Arvidsson, Ryan Johansen, Tyler Seguin

Scratches
None

Blues

5 vs 5 Forward 
   Center                   Left Wing                Right Wing               Time % Phy DF OF 
 1 Nicklas Backstrom        David Perron             Jordan Eberle            40     1   2  2  
 2 Jean-Gabriel Pageau      Filip Forsberg           Sergei Shirokov          30     1   2  2  
 3 Riley Sheahan            Simon Gagné              Rickard Rakell           20     1   2  2  
 4 Tomas Plekanec           Linus Omark              Steve Quailer            10     1   2  2  

5 vs 5 Defense 
   Defense                  Defense                                           Time % Phy DF OF 
 1 Alex Pietrangelo         Shayne Gostisbehere                               40     1   2  2  
 2 Yann Sauvé               Jake Gardiner                                     30     1   2  2  
 3 Cody Ceci                Dougie Hamilton                                   20     1   2  2  
 4 Yann Sauvé               Jake Gardiner                                     10     1   2  2  

PowerPlay Forward 
   Center                   Left Wing                Right Wing               Time % Phy DF OF 
 1 Nicklas Backstrom        Filip Forsberg           Jordan Eberle            60     1   2  2  
 2 Jean-Gabriel Pageau      David Perron             Sergei Shirokov          40     1   2  2  

PowerPlay Defense
   Defense                  Defense                                           Time % Phy DF OF 
 1 Alex Pietrangelo         Jake Gardiner                                     60     1   2  2  
 2 Shayne Gostisbehere      Dougie Hamilton                                   40     1   2  2  

Penalty Kill 4 Players Forward 
   Center                   Wing                     Time % Phy DF OF 
 1 Riley Sheahan            Jordan Eberle            60     1   2  2  
 2 Jean-Gabriel Pageau      Simon Gagné              40     1   2  2  

Penalty Kill 4 Players Defense
   Defense                  Defense                  Time % Phy DF OF 
 1 Alex Pietrangelo         Cody Ceci                60     1   2  2  
 2 Jake Gardiner            Yann Sauvé               40     1   2  2  

Penalty Kill - 3 Players Forward 
   Forward                                           Time % Phy DF OF 
 1 Riley Sheahan                                     60     1   2  2  
 2 Jordan Eberle                                     40     1   2  2  

Penalty Kill - 3 Players Defense
   Defense                  Defense                  Time % Phy DF OF 
 1 Alex Pietrangelo         Cody Ceci                60     1   2  2  
 2 Jake Gardiner            Yann Sauvé               40     1   2  2  

4 vs 4 Forward 
   Center                   Wing                     Time % Phy DF OF 
 1 Nicklas Backstrom        David Perron             60     1   2  2  
 2 Jean-Gabriel Pageau      Jordan Eberle            40     1   2  2  

4 vs 4 Defense
   Defense                  Defense                  Time % Phy DF OF 
 1 Alex Pietrangelo         Cody Ceci                60     1   2  2  
 2 Jake Gardiner            Shayne Gostisbehere      40     1   2  2  

Last Minutes Offensive
   Center                   Left Wing                Right Wing               Defense                  Defense                  
   Nicklas Backstrom        David Perron             Jordan Eberle            Alex Pietrangelo         Jake Gardiner            

Last Minutes Defensive
   Center                   Left Wing                Right Wing               Defense                  Defense                  
   Riley Sheahan            Linus Omark              Jordan Eberle            Yann Sauvé               Cody Ceci                

Goaltenders
Starting : Carey Price              
Backup : Pascal Leclaire          

Extra Forwards
Normal : Jean-Gabriel Pageau, Riley Sheahan, Jordan Eberle - PP : Steve Quailer, Nicklas Backstrom - PK : Filip Forsberg
Extra Defensemen
Normal : Shayne Gostisbehere, Cody Ceci, Jake Gardiner - PP : Shayne Gostisbehere - PK : Shayne Gostisbehere, Jake Gardiner
Penalty Shots
David Perron, Jordan Eberle, Nicklas Backstrom, Filip Forsberg, Linus Omark

Scratches
Drew Shore (Broken Right Thumb Injury), D.J King (Healthy)

% Time on Ice - Devils

Lines # - Real PCT - Wanted PCT - Time Play
Normal Forward
1 - 35% - 40% - 15:04
2 - 28% - 30% - 11:54
3 - 23% - 20% - 10:01
4 - 14% - 10% - 6:10
Normal Defense
1 - 40% - 40% - 17:11
2 - 34% - 30% - 14:37
3 - 19% - 20% - 8:03
4 - 8% - 10% - 3:18
PP Forward
1 - 59% - 60% - 3:44
2 - 41% - 40% - 2:34
PP Defense
1 - 70% - 60% - 4:23
2 - 30% - 40% - 1:55
PK Forward
1 - 74% - 60% - 7:51
2 - 26% - 40% - 2:42
PK Defense
1 - 53% - 60% - 5:33
2 - 47% - 40% - 5:00
PK3 Forward
1 - 0% - 60%
2 - 0% - 40%
PK3 Defense
1 - 0% - 60%
2 - 0% - 40%
44 Forward
1 - 74% - 60% - 3:43
2 - 26% - 40% - 1:17
44 Defense
1 - 47% - 60% - 2:22
2 - 53% - 40% - 2:38
Last Minute Offensive  - 0:00
Last Minute Defensive  - 0:00
Total
Forward - 65:00
Defense - 65:00

% Time on Ice - Blues

Lines # - Real PCT - Wanted PCT - Time Play
Normal Forward
1 - 32% - 40% - 13:51
2 - 29% - 30% - 12:32
3 - 23% - 20% - 9:52
4 - 16% - 10% - 6:54
Normal Defense
1 - 45% - 40% - 19:16
2 - 31% - 30% - 13:21
3 - 19% - 20% - 8:17
4 - 5% - 10% - 2:15
PP Forward
1 - 55% - 60% - 5:51
2 - 45% - 40% - 4:42
PP Defense
1 - 68% - 60% - 7:08
2 - 32% - 40% - 3:25
PK Forward
1 - 74% - 60% - 4:39
2 - 26% - 40% - 1:39
PK Defense
1 - 62% - 60% - 3:53
2 - 38% - 40% - 2:25
PK3 Forward
1 - 0% - 60%
2 - 0% - 40%
PK3 Defense
1 - 0% - 60%
2 - 0% - 40%
44 Forward
1 - 90% - 60% - 4:29
2 - 10% - 40% - 0:31
44 Defense
1 - 66% - 60% - 3:18
2 - 34% - 40% - 1:42
Last Minute Offensive  - 0:00
Last Minute Defensive  - 0:00
Total
Forward - 65:00
Defense - 65:00

Play-by-Play

1st period


0:01 of 1st period - Nicklas Backstrom wins face-off versus Ryan Johansen in neutral zone.
0:50 of 1st period - Wrist shot by Tomas Plekanec.
0:50 of 1st period - Deflect By Linus Omark.
0:50 of 1st period - Shot Blocked by Pernell Karl Subban.
0:50 of 1st period - Puck is out of play.
0:51 of 1st period - Cody Hodgson wins face-off versus Tomas Plekanec in Devils zone.
1:46 of 1st period - Wrist shot by Nicklas Backstrom.
1:46 of 1st period - Shot Misses the Net.
2:28 of 1st period - Pernell Karl Subban is hit by Steve Quailer and loses puck.
2:41 of 1st period - Pernell Karl Subban is hit by David Perron and loses puck.
3:06 of 1st period - Snap shot by Filip Forsberg.
3:06 of 1st period - Stopped by John Gibson without a rebound.
3:07 of 1st period - Jean-Gabriel Pageau wins face-off versus Tyler Seguin in Devils zone.
3:18 of 1st period - Snap shot by Tyler Seguin.
3:18 of 1st period - Goal by Tyler Seguin - Devils : 1 - Blues : 0.
3:19 of 1st period - Ryan Johansen wins face-off versus Nicklas Backstrom in neutral zone.
3:26 of 1st period - Wrist shot by Johnny Gaudreau.
3:26 of 1st period - Stopped by Carey Price without a rebound.
3:27 of 1st period - Nicklas Backstrom wins face-off versus Ryan Johansen in Blues zone.
3:36 of 1st period - Alex Pietrangelo is hit by Viktor Arvidsson and loses puck.
3:57 of 1st period - Wrist shot by David Perron.
3:57 of 1st period - Stopped by John Gibson without a rebound.
3:58 of 1st period - Riley Sheahan wins face-off versus Nikita Kucherov in Devils zone.
4:11 of 1st period - Snap shot by Simon Gagné.
4:11 of 1st period - Stopped by John Gibson with a rebound.
4:13 of 1st period - Slapshot by Yann Sauvé.
4:13 of 1st period - Stopped by John Gibson with a rebound.
4:19 of 1st period - Minor Penalty to Nikita Kucherov for High sticking.
4:20 of 1st period - Nicklas Backstrom wins face-off versus Ryan Johansen in Devils zone.
4:42 of 1st period - Icing by Filip Forsberg.
4:43 of 1st period - Jean-Gabriel Pageau wins face-off versus Ryan Johansen in Blues zone.
4:52 of 1st period - Snap shot by Sergei Shirokov.
4:52 of 1st period - Shot Misses the Net.
4:56 of 1st period - Wrist shot by David Perron.
4:56 of 1st period - Goal by David Perron - Devils : 1 - Blues : 1.
4:57 of 1st period - Jean-Gabriel Pageau wins face-off versus Cody Hodgson in neutral zone.
5:08 of 1st period - Slapshot by Kellan Lain.
5:08 of 1st period - Shot Blocked by Dougie Hamilton.
5:10 of 1st period - Slapshot by Ladislav Smid.
5:10 of 1st period - Stopped by Carey Price with a rebound.
5:12 of 1st period - Slapshot by Brandon Burlon.
5:12 of 1st period - Shot Misses the Net.
5:31 of 1st period - Slapshot by Jordan Eberle.
5:31 of 1st period - Shot Misses the Net.
6:55 of 1st period - Icing by Travis Hamonic.
6:56 of 1st period - Gabriel Landeskog wins face-off versus Nicklas Backstrom in Devils zone.
7:11 of 1st period - Shea Weber is hit by David Perron.
7:23 of 1st period - Travis Hamonic is hit by Rickard Rakell and loses puck.
7:58 of 1st period - Snap shot by Ryan Johansen.
7:58 of 1st period - Shot Misses the Net.
8:10 of 1st period - David Perron is hit by Marian Hossa and loses puck.
8:31 of 1st period - Jordan Eberle is hit by Pernell Karl Subban.
9:46 of 1st period - Icing by Tyler Seguin.
9:47 of 1st period - Riley Sheahan wins face-off versus Tyler Seguin in Devils zone.
10:20 of 1st period - Snap shot by Johnny Gaudreau.
10:20 of 1st period - Shot Blocked by Jordan Eberle.
10:44 of 1st period - Slapshot by Marian Hossa.
10:44 of 1st period - Stopped by Carey Price with a rebound.
10:48 of 1st period - Snap shot by Cody Hodgson.
10:48 of 1st period - Stopped by Carey Price without a rebound.
10:48 of 1st period - Minor Penalty to Carey Price for Delaying the game.
10:49 of 1st period - Riley Sheahan wins face-off versus Ryan Johansen in Blues zone.
11:02 of 1st period - Slapshot by Riley Sheahan.
11:02 of 1st period - Shot Misses the Net.
11:14 of 1st period - Jordan Eberle is hit by Shea Weber and loses puck.
11:21 of 1st period - Wrist shot by Nikita Kucherov.
11:21 of 1st period - Shot Misses the Net.
12:35 of 1st period - Yann Sauvé is hit by Pernell Karl Subban and loses puck.
12:48 of 1st period - Penalty to Jean-Gabriel Pageau is over, Jean-Gabriel Pageau is back on ice.
12:58 of 1st period - Slapshot by Jake Gardiner.
12:58 of 1st period - Stopped by John Gibson without a rebound.
12:59 of 1st period - Tomas Plekanec wins face-off versus Cody Hodgson in Devils zone.
13:04 of 1st period - Wrist shot by Tomas Plekanec.
13:04 of 1st period - Deflect By Linus Omark.
13:04 of 1st period - Stopped by John Gibson without a rebound.
13:05 of 1st period - Tomas Plekanec wins face-off versus Cody Hodgson in Devils zone.
13:08 of 1st period - Snap shot by Tomas Plekanec.
13:08 of 1st period - Shot Misses the Net.
13:10 of 1st period - Wrist shot by Cody Ceci.
13:10 of 1st period - Stopped by John Gibson with a rebound.
13:20 of 1st period - Snap shot by Linus Omark.
13:20 of 1st period - Stopped by John Gibson with a rebound.
13:32 of 1st period - Slapshot by Jordan Eberle.
13:32 of 1st period - Stopped by John Gibson without a rebound.
13:33 of 1st period - Nicklas Backstrom wins face-off versus Ryan Johansen in Devils zone.
13:44 of 1st period - Slapshot by Alex Pietrangelo.
13:44 of 1st period - Stopped by John Gibson with a rebound.
13:46 of 1st period - Slapshot by Shayne Gostisbehere.
13:46 of 1st period - Shot Misses the Net.
13:48 of 1st period - Slapshot by Alex Pietrangelo.
13:48 of 1st period - Stopped by John Gibson without a rebound.
13:49 of 1st period - Jean-Gabriel Pageau wins face-off versus Tyler Seguin in Devils zone.
15:14 of 1st period - Ladislav Smid is hit by Jordan Eberle and loses puck.
15:43 of 1st period - Nikita Kucherov is hit by Jean-Gabriel Pageau and loses puck.
15:48 of 1st period - Snap shot by Sergei Shirokov.
15:48 of 1st period - Stopped by John Gibson without a rebound.
15:49 of 1st period - Tyler Seguin wins face-off versus Nicklas Backstrom in Devils zone.
16:34 of 1st period - Minor Penalty to Filip Forsberg for Interference.
16:35 of 1st period - Riley Sheahan wins face-off versus Ryan Johansen in Blues zone.
16:50 of 1st period - Wrist shot by Viktor Arvidsson.
16:50 of 1st period - Goal by Viktor Arvidsson - Devils : 2 - Blues : 1.
16:51 of 1st period - Nicklas Backstrom wins face-off versus Ryan Johansen in neutral zone.
17:04 of 1st period - Wrist shot by Johnny Gaudreau.
17:04 of 1st period - Shot Blocked by Jordan Eberle.
17:06 of 1st period - Wrist shot by Johnny Gaudreau.
17:06 of 1st period - Stopped by Carey Price without a rebound.
17:07 of 1st period - Tyler Seguin wins face-off versus Jean-Gabriel Pageau in Blues zone.
17:33 of 1st period - Shayne Gostisbehere is hit by Kellan Lain and loses puck.
18:24 of 1st period - Slapshot by Alex Pietrangelo.
18:24 of 1st period - Shot Misses the Net.
18:34 of 1st period - Wrist shot by Filip Forsberg.
18:34 of 1st period - Shot Misses the Net.
18:52 of 1st period - Snap shot by Johnny Gaudreau.
18:52 of 1st period - Stopped by Carey Price without a rebound.
18:53 of 1st period - Jordan Eberle wins face-off versus Tyler Seguin in Blues zone.
19:09 of 1st period - Wrist shot by Tyler Seguin.
19:09 of 1st period - Stopped by Carey Price with a rebound.
19:24 of 1st period - Snap shot by Kellan Lain.
19:24 of 1st period - Stopped by Carey Price without a rebound.
19:25 of 1st period - Riley Sheahan wins face-off versus Tyler Bozak in Blues zone.
19:48 of 1st period - Shayne Gostisbehere is hit by Ladislav Smid and loses puck.
Goals for this period are 2 for Devils vs 1 for Blues.
Shots for this period are 10 for Devils vs 13 for Blues.

2nd period


0:01 of 2nd period - Ryan Johansen wins face-off versus David Perron in neutral zone.
0:16 of 2nd period - Slapshot by Johnny Gaudreau.
0:16 of 2nd period - Shot Misses the Net.
0:26 of 2nd period - Nicklas Backstrom is hit by Cody Hodgson and loses puck.
1:18 of 2nd period - Slapshot by Alex Pietrangelo.
1:18 of 2nd period - Shot Misses the Net.
1:20 of 2nd period - Snap shot by Nicklas Backstrom.
1:20 of 2nd period - Stopped by John Gibson with a rebound.
1:22 of 2nd period - Wrist shot by David Perron.
1:22 of 2nd period - Shot Blocked by Ladislav Smid.
2:10 of 2nd period - Wrist shot by Filip Forsberg.
2:10 of 2nd period - Stopped by John Gibson without a rebound.
2:11 of 2nd period - Ryan Johansen wins face-off versus Riley Sheahan in Devils zone.
3:27 of 2nd period - Johnny Gaudreau is hit by Rickard Rakell and loses puck.
3:42 of 2nd period - Wrist shot by Tyler Bozak.
3:42 of 2nd period - Shot Misses the Net.
3:44 of 2nd period - Minor Penalty to Filip Forsberg for Kneeing.
3:45 of 2nd period - Riley Sheahan wins face-off versus Ryan Johansen in Blues zone.
4:18 of 2nd period - Wrist shot by Tobias Enstrom.
4:18 of 2nd period - Stopped by Carey Price with a rebound.
5:44 of 2nd period - Penalty to Filip Forsberg is over, Filip Forsberg is back on ice.
6:01 of 2nd period - Slapshot by Tomas Plekanec.
6:01 of 2nd period - Deflect By Steve Quailer.
6:01 of 2nd period - Stopped by John Gibson without a rebound.
6:02 of 2nd period - Tomas Plekanec wins face-off versus Tyler Bozak in Devils zone.
6:17 of 2nd period - Slapshot by Linus Omark.
6:17 of 2nd period - Stopped by John Gibson with a rebound.
6:19 of 2nd period - Slapshot by Linus Omark.
6:19 of 2nd period - Stopped by John Gibson with a rebound.
6:44 of 2nd period - Wrist shot by Rostislav Olesz.
6:44 of 2nd period - Shot Misses the Net.
6:46 of 2nd period - Wrist shot by Tyler Bozak.
6:46 of 2nd period - Shot Misses the Net.
6:52 of 2nd period - Wrist shot by Anthony Stewart.
6:52 of 2nd period - Shot Blocked by Yann Sauvé.
7:02 of 2nd period - Snap shot by Rostislav Olesz.
7:02 of 2nd period - Stopped by Carey Price with a rebound.
7:04 of 2nd period - Slapshot by Shea Weber.
7:04 of 2nd period - Stopped by Carey Price without a rebound.
7:05 of 2nd period - Nicklas Backstrom wins face-off versus Ryan Johansen in Blues zone.
7:11 of 2nd period - Minor Penalty to Johnny Gaudreau for Cross-checking.
7:12 of 2nd period - Nicklas Backstrom wins face-off versus Ryan Johansen in Devils zone.
8:22 of 2nd period - Snap shot by David Perron.
8:22 of 2nd period - Shot Blocked by Tobias Enstrom.
8:32 of 2nd period - Slapshot by Alex Pietrangelo.
8:32 of 2nd period - Stopped by John Gibson without a rebound.
8:33 of 2nd period - Nicklas Backstrom wins face-off versus Tyler Bozak in Devils zone.
9:11 of 2nd period - Penalty to Johnny Gaudreau is over, Johnny Gaudreau is back on ice.
9:18 of 2nd period - Gabriel Landeskog is hit by Rickard Rakell and loses puck.
10:35 of 2nd period - Snap shot by Tyler Bozak.
10:35 of 2nd period - Shot Blocked by Sergei Shirokov.
10:37 of 2nd period - Slapshot by Ladislav Smid.
10:37 of 2nd period - Stopped by Carey Price without a rebound.
10:38 of 2nd period - Rostislav Olesz wins face-off versus Nicklas Backstrom in Blues zone.
10:51 of 2nd period - Slapshot by Alex Pietrangelo.
10:51 of 2nd period - Shot Misses the Net.
11:07 of 2nd period - Rickard Rakell is hit by Tyler Seguin.
11:11 of 2nd period - Snap shot by Nikita Kucherov.
11:11 of 2nd period - Stopped by Carey Price with a rebound.
11:13 of 2nd period - Slapshot by Travis Hamonic.
11:13 of 2nd period - Stopped by Carey Price with a rebound.
11:17 of 2nd period - Snap shot by Tyler Seguin.
11:17 of 2nd period - Shot Misses the Net.
12:11 of 2nd period - Brandon Burlon is hit by Jordan Eberle and loses puck.
13:02 of 2nd period - Double Minor Penalty to Marian Hossa for Roughing.
13:03 of 2nd period - Nicklas Backstrom wins face-off versus Ryan Johansen in Devils zone.
14:45 of 2nd period - Jordan Eberle is hit by Gabriel Landeskog and loses puck.
15:12 of 2nd period - Icing by Cody Ceci.
15:13 of 2nd period - Jean-Gabriel Pageau wins face-off versus Tyler Bozak in Blues zone.
15:58 of 2nd period - Jake Gardiner is hit by Tyler Bozak and loses puck.
16:05 of 2nd period - Tobias Enstrom is hit by Steve Quailer and loses puck.
17:02 of 2nd period - Penalty to Marian Hossa is over, Marian Hossa is back on ice.
17:10 of 2nd period - Kellan Lain is hit by Cody Ceci and loses puck.
17:17 of 2nd period - Pernell Karl Subban is hit by Tomas Plekanec and loses puck.
17:43 of 2nd period - Wrist shot by Tyler Seguin.
17:43 of 2nd period - Deflect By Nikita Kucherov.
17:43 of 2nd period - Shot Misses the Net.
17:43 of 2nd period - Puck is out of play.
17:44 of 2nd period - Tomas Plekanec wins face-off versus Tyler Seguin in Blues zone.
18:13 of 2nd period - Tobias Enstrom is hit by Nicklas Backstrom and loses puck.
18:18 of 2nd period - Snap shot by Jordan Eberle.
18:18 of 2nd period - Stopped by John Gibson with a rebound.
18:34 of 2nd period - Cody Hodgson is hit by Simon Gagné and loses puck.
19:00 of 2nd period - Johnny Gaudreau is hit by Filip Forsberg and loses puck.
19:16 of 2nd period - Brandon Burlon is hit by Linus Omark.
19:19 of 2nd period - Minor Penalty to Linus Omark for Roughing.
19:20 of 2nd period - Ryan Johansen wins face-off versus Riley Sheahan in Blues zone.
19:26 of 2nd period - Wrist shot by Ryan Johansen.
19:26 of 2nd period - Shot Misses the Net.
19:28 of 2nd period - Backhand shot by Ryan Johansen.
19:28 of 2nd period - Shot Blocked by Cody Ceci.
Goals for this period are 0 for Devils vs 0 for Blues.
Shots for this period are 6 for Devils vs 7 for Blues.

3rd period


0:01 of 3rd period - Riley Sheahan wins face-off versus Ryan Johansen in neutral zone.
0:04 of 3rd period - Johnny Gaudreau is hit by Jordan Eberle and loses puck.
0:29 of 3rd period - Slapshot by Tobias Enstrom.
0:29 of 3rd period - Stopped by Carey Price without a rebound.
0:30 of 3rd period - Jean-Gabriel Pageau wins face-off versus Tyler Seguin in Blues zone.
0:34 of 3rd period - Off-side.
0:35 of 3rd period - Ryan Johansen wins face-off versus Jean-Gabriel Pageau in neutral zone.
0:44 of 3rd period - Wrist shot by Viktor Arvidsson.
0:44 of 3rd period - Shot Blocked by Jake Gardiner.
0:46 of 3rd period - Snap shot by Ryan Johansen.
0:46 of 3rd period - Devils goal is going for a video replay.
0:46 of 3rd period - The goal is refused. The attacking player has interfered with a goalkeeper in his goal crease..
0:47 of 3rd period - Ryan Johansen wins face-off versus Riley Sheahan in Blues zone.
1:19 of 3rd period - Penalty to Linus Omark is over, Linus Omark is back on ice.
1:19 of 3rd period - Slapshot by Jean-Gabriel Pageau.
1:19 of 3rd period - Shot Misses the Net.
1:53 of 3rd period - Linus Omark is hit by Brandon Burlon and loses puck.
2:00 of 3rd period - Slapshot by Rostislav Olesz.
2:00 of 3rd period - Stopped by Carey Price with a rebound.
2:02 of 3rd period - Wrist shot by Tyler Bozak.
2:02 of 3rd period - Stopped by Carey Price with a rebound.
3:02 of 3rd period - Slapshot by Cody Hodgson.
3:02 of 3rd period - Shot Misses the Net.
3:04 of 3rd period - Snap shot by Tobias Enstrom.
3:04 of 3rd period - Shot Blocked by Shayne Gostisbehere.
3:06 of 3rd period - Slapshot by Pernell Karl Subban.
3:06 of 3rd period - Deflect By David Perron.
3:06 of 3rd period - Stopped by Carey Price with a rebound.
3:18 of 3rd period - Snap shot by Steve Quailer.
3:18 of 3rd period - Shot Blocked by Ryan Johansen.
4:21 of 3rd period - Wrist shot by Viktor Arvidsson.
4:21 of 3rd period - Shot Misses the Net.
4:43 of 3rd period - Snap shot by Kellan Lain.
4:43 of 3rd period - Deflect By Cody Hodgson.
4:43 of 3rd period - Stopped by Carey Price without a rebound.
4:44 of 3rd period - Cody Hodgson wins face-off versus Jean-Gabriel Pageau in Blues zone.
5:33 of 3rd period - Wrist shot by David Perron.
5:33 of 3rd period - Deflect By Jordan Eberle.
5:33 of 3rd period - Stopped by John Gibson with a rebound.
5:35 of 3rd period - Slapshot by David Perron.
5:35 of 3rd period - Shot Blocked by Nikita Kucherov.
5:37 of 3rd period - Wrist shot by Jordan Eberle.
5:37 of 3rd period - Stopped by John Gibson with a rebound.
6:14 of 3rd period - Minor Penalty to Marian Hossa for Hooking.
6:15 of 3rd period - Nicklas Backstrom wins face-off versus Ryan Johansen in Devils zone.
6:51 of 3rd period - Slapshot by Shayne Gostisbehere.
6:51 of 3rd period - Deflect By Shea Weber.
6:51 of 3rd period - Stopped by John Gibson with a rebound.
6:53 of 3rd period - Slapshot by Dougie Hamilton.
6:53 of 3rd period - Stopped by John Gibson with a rebound.
7:21 of 3rd period - Travis Hamonic is hit by Sergei Shirokov and loses puck.
7:48 of 3rd period - Filip Forsberg is hit by Tyler Seguin and loses puck.
8:14 of 3rd period - Penalty to Marian Hossa is over, Marian Hossa is back on ice.
8:18 of 3rd period - Ryan Johansen is hit by Sergei Shirokov and loses puck.
9:48 of 3rd period - Slapshot by Ryan Johansen.
9:48 of 3rd period - Deflect By Johnny Gaudreau.
9:48 of 3rd period - Shot Misses the Net.
9:48 of 3rd period - Puck is out of play.
9:49 of 3rd period - Ryan Johansen wins face-off versus Riley Sheahan in Blues zone.
9:52 of 3rd period - Backhand shot by Viktor Arvidsson.
9:52 of 3rd period - Stopped by Carey Price without a rebound.
9:53 of 3rd period - Riley Sheahan wins face-off versus Ryan Johansen in Blues zone.
10:12 of 3rd period - Snap shot by Johnny Gaudreau.
10:12 of 3rd period - Stopped by Carey Price without a rebound.
10:13 of 3rd period - Nicklas Backstrom wins face-off versus Tyler Seguin in Blues zone.
10:22 of 3rd period - Shea Weber is hit by Jordan Eberle and loses puck.
10:29 of 3rd period - Snap shot by Nicklas Backstrom.
10:29 of 3rd period - Stopped by John Gibson without a rebound.
10:30 of 3rd period - Ryan Johansen wins face-off versus Jean-Gabriel Pageau in Devils zone.
10:30 of 3rd period - Ryan Johansen is hit by Jean-Gabriel Pageau.
11:05 of 3rd period - Icing by Jordan Eberle.
11:06 of 3rd period - Tyler Seguin wins face-off versus Nicklas Backstrom in Blues zone.
11:07 of 3rd period - Backhand shot by Nikita Kucherov.
11:07 of 3rd period - Shot Misses the Net.
11:13 of 3rd period - Slapshot by Nikita Kucherov.
11:13 of 3rd period - Stopped by Carey Price without a rebound.
11:14 of 3rd period - Nicklas Backstrom wins face-off versus Tyler Seguin in Blues zone.
11:16 of 3rd period - Minor Penalty to Shayne Gostisbehere for Holding.
11:17 of 3rd period - Ryan Johansen wins face-off versus Riley Sheahan in Blues zone.
11:21 of 3rd period - Snap shot by Johnny Gaudreau.
11:21 of 3rd period - Goal by Johnny Gaudreau - Devils : 3 - Blues : 1.
11:22 of 3rd period - Nicklas Backstrom wins face-off versus Ryan Johansen in neutral zone.
12:17 of 3rd period - Wrist shot by Simon Gagné.
12:17 of 3rd period - Stopped by John Gibson with a rebound.
12:19 of 3rd period - Snap shot by Rickard Rakell.
12:19 of 3rd period - Shot Misses the Net.
12:39 of 3rd period - Wrist shot by Jake Gardiner.
12:39 of 3rd period - Stopped by John Gibson without a rebound.
12:40 of 3rd period - Nicklas Backstrom wins face-off versus Tyler Seguin in Devils zone.
12:41 of 3rd period - Snap shot by Jordan Eberle.
12:41 of 3rd period - Shot Blocked by Ladislav Smid.
12:57 of 3rd period - Wrist shot by Tyler Seguin.
12:57 of 3rd period - Stopped by Carey Price without a rebound.
12:58 of 3rd period - Jean-Gabriel Pageau wins face-off versus Ryan Johansen in Blues zone.
13:04 of 3rd period - Off-side.
13:05 of 3rd period - Ryan Johansen wins face-off versus Jean-Gabriel Pageau in neutral zone.
13:20 of 3rd period - Slapshot by Yann Sauvé.
13:20 of 3rd period - Stopped by John Gibson with a rebound.
13:22 of 3rd period - Wrist shot by Sergei Shirokov.
13:22 of 3rd period - Goal by Sergei Shirokov - Devils : 3 - Blues : 2.
13:23 of 3rd period - Ryan Johansen wins face-off versus Jordan Eberle in neutral zone.
14:00 of 3rd period - Slapshot by Pernell Karl Subban.
14:00 of 3rd period - Deflect By Tyler Seguin.
14:00 of 3rd period - Shot Misses the Net.
14:00 of 3rd period - Puck is out of play.
14:01 of 3rd period - Nicklas Backstrom wins face-off versus Ryan Johansen in Blues zone.
14:57 of 3rd period - Slapshot by Cody Ceci.
14:57 of 3rd period - Stopped by John Gibson without a rebound.
14:58 of 3rd period - Ryan Johansen wins face-off versus Nicklas Backstrom in Devils zone.
14:58 of 3rd period - Ryan Johansen is hit by David Perron.
15:24 of 3rd period - Shea Weber is hit by Riley Sheahan and loses puck.
15:55 of 3rd period - Snap shot by Tomas Plekanec.
15:55 of 3rd period - Deflect By Nikita Kucherov.
15:55 of 3rd period - Stopped by John Gibson without a rebound.
15:56 of 3rd period - Nicklas Backstrom wins face-off versus Cody Hodgson in Devils zone.
15:57 of 3rd period - Snap shot by David Perron.
15:57 of 3rd period - Shot Blocked by Kellan Lain.
15:59 of 3rd period - Wrist shot by Nicklas Backstrom.
15:59 of 3rd period - Shot Misses the Net.
16:01 of 3rd period - Slapshot by Yann Sauvé.
16:01 of 3rd period - Shot Blocked by Tobias Enstrom.
16:03 of 3rd period - Slapshot by Jake Gardiner.
16:03 of 3rd period - Stopped by John Gibson without a rebound.
16:04 of 3rd period - Nicklas Backstrom wins face-off versus Cody Hodgson in Devils zone.
16:07 of 3rd period - Snap shot by Jordan Eberle.
16:07 of 3rd period - Shot Misses the Net.
16:13 of 3rd period - Backhand shot by David Perron.
16:13 of 3rd period - Stopped by John Gibson with a rebound.
16:15 of 3rd period - Snap shot by Nicklas Backstrom.
16:15 of 3rd period - Goal by Nicklas Backstrom - Devils : 3 - Blues : 3.
16:16 of 3rd period - Ryan Johansen wins face-off versus Riley Sheahan in neutral zone.
16:26 of 3rd period - Minor Penalty to Ryan Johansen for Hooking.
16:27 of 3rd period - Anthony Stewart wins face-off versus Nicklas Backstrom in Devils zone.
16:43 of 3rd period - Snap shot by Alex Pietrangelo.
16:43 of 3rd period - Deflect By Nicklas Backstrom.
16:43 of 3rd period - Stopped by John Gibson with a rebound.
16:57 of 3rd period - Snap shot by Nicklas Backstrom.
16:57 of 3rd period - Stopped by John Gibson with a rebound.
17:13 of 3rd period - Anthony Stewart is hit by Jean-Gabriel Pageau and loses puck.
18:26 of 3rd period - Penalty to Ryan Johansen is over, Ryan Johansen is back on ice.
18:42 of 3rd period - Wrist shot by Ryan Johansen.
18:42 of 3rd period - Shot Misses the Net.
19:07 of 3rd period - Off-side.
19:08 of 3rd period - Nicklas Backstrom wins face-off versus Ryan Johansen in neutral zone.
19:54 of 3rd period - Wrist shot by Jean-Gabriel Pageau.
19:54 of 3rd period - Shot Misses the Net.
Goals for this period are 1 for Devils vs 2 for Blues.
Shots for this period are 11 for Devils vs 16 for Blues.

Overtime #1


0:01 of 1st overtime period - Cody Hodgson wins face-off versus Nicklas Backstrom in neutral zone.
0:05 of 1st overtime period - Icing by David Perron.
0:06 of 1st overtime period - Nicklas Backstrom wins face-off versus Cody Hodgson in Blues zone.
0:51 of 1st overtime period - Shayne Gostisbehere is hit by Ladislav Smid and loses puck.
1:38 of 1st overtime period - Snap shot by Jean-Gabriel Pageau.
1:38 of 1st overtime period - Shot Misses the Net.
4:06 of 1st overtime period - Marian Hossa is hit by Dougie Hamilton and loses puck.
Goals for this period are 0 for Devils vs 0 for Blues.
Shots for this period are 0 for Devils vs 0 for Blues.

ShootOut


5:00 of 1st overtime period - Round #1.
5:00 of 1st overtime period - Devils, Johnny Gaudreau.
5:00 of 1st overtime period - Snap shot by Johnny Gaudreau.
5:00 of 1st overtime period - Stopped by Carey Price.
5:00 of 1st overtime period - Blues, David Perron.
5:00 of 1st overtime period - Wrist shot by David Perron.
5:00 of 1st overtime period - Stopped by John Gibson.
5:00 of 1st overtime period - Round #2.
5:00 of 1st overtime period - Devils, Nikita Kucherov.
5:00 of 1st overtime period - Snap shot by Nikita Kucherov.
5:00 of 1st overtime period - Stopped by Carey Price.
5:00 of 1st overtime period - Blues, Jordan Eberle.
5:00 of 1st overtime period - Deke by Jordan Eberle.
5:00 of 1st overtime period - Stopped by John Gibson.
5:00 of 1st overtime period - Round #3.
5:00 of 1st overtime period - Devils, Viktor Arvidsson.
5:00 of 1st overtime period - Wrist shot by Viktor Arvidsson.
5:00 of 1st overtime period - Stopped by Carey Price.
5:00 of 1st overtime period - Blues, Nicklas Backstrom.
5:00 of 1st overtime period - Snap shot by Nicklas Backstrom.
5:00 of 1st overtime period - Shot Misses the Net.
5:00 of 1st overtime period - Round #4.
5:00 of 1st overtime period - Devils, Ryan Johansen.
5:00 of 1st overtime period - Backhand shot by Ryan Johansen.
5:00 of 1st overtime period - Stopped by Carey Price.
5:00 of 1st overtime period - Blues, Filip Forsberg.
5:00 of 1st overtime period - Deke by Filip Forsberg.
5:00 of 1st overtime period - Shot Misses the Net.
5:00 of 1st overtime period - Round #5.
5:00 of 1st overtime period - Devils, Tyler Seguin.
5:00 of 1st overtime period - Wrist shot by Tyler Seguin.
5:00 of 1st overtime period - Goal by Tyler Seguin.
5:00 of 1st overtime period - Blues, Linus Omark.
5:00 of 1st overtime period - Deke by Linus Omark.
5:00 of 1st overtime period - Stopped by John Gibson.